Map: Zen LE

Players

Bunny - Winner!

  • Race: Terran Terran
  • League: Diamond
  • Spawn Location: 7:00

DnS

  • Race: Protoss Protoss
  • League: Grandmaster
  • Spawn Location: 1:00

VOD

Have the link to the VOD?

Description

Time

  • Played on: Jan. 13, 2020, 3:39 p.m.
  • Length: 27:32
Show
View Real Time Build Order
Export as new Build Order

Bunny Terran - Winner!

Build Orders: Reaper Expand 

Get SALT Encoding   

  12  0:01  SCV  
  13  0:13  SCV  
  14  0:17  Supply Depot  
  14  0:25  SCV  
  15  0:39  SCV  
  15  0:40  Barracks  
  16  0:44  Refinery  
  16  0:51  SCV  
  17  1:03  SCV  
  18  1:15  SCV  
  19  1:27  Orbital Command  
  19  1:28  Reaper  
  20  1:41  Command Center  
  20  1:52  Supply Depot  
  20  1:54  SCV  
  20  2:00  Marine  
  22  2:06  SCV  
  23  2:10  Factory  
  23  2:15  Refinery  
  23  2:18  SCV  
  24  2:23  Barracks Reactor  
  24  2:30  SCV  
  25  2:43  SCV  
  26  2:53  Orbital Command  
  26  2:54  Starport  
  26  2:55  Hellion  
  26  2:56  SCV  
  29  2:59  Marine  
  29  3:00  Marine  
  31  3:08  SCV  
  31  3:16  Marine  
  31  3:18  Marine  
  33  3:20  SCV, Widow Mine  
  33  3:22  SCV  
  37  3:32  SCV  
  38  3:34  SCV  
  41  3:41  Widow Mine  
  41  3:43  Supply Depot  
  41  3:44  SCV  
  41  3:45  Marine x2  
  46  3:52  SCV  
  45  3:56  SCV  
  46  4:03  Viking  
  46  4:04  SCV  
  46  4:07  Widow Mine  
  46  4:08  SCV  
  49  4:12  Marine x2  
  49  4:16  SCV  
  52  4:19  Command Center  
  52  4:20  SCV  
  53  4:27  Supply Depot  
  53  4:28  SCV  
  53  4:29  Factory Tech Lab  
  54  4:34  Starport Tech Lab  
  54  4:42  Refinery  
  54  4:43  Barracks  
  54  4:44  Barracks, Refinery  
  54  4:47  Supply Depot  
  54  4:48  Marine, SCV x2  
  54  4:52  Raven  
  60  4:55  Siege Tank  
  60  4:59  Supply Depot  
  62  5:09  Marine x2, SCV x2  
  65  5:18  Engineering Bay  
  65  5:19  Engineering Bay  
  64  5:21  SCV x2  
  64  5:26  Supply Depot  
  66  5:29  Siege Tank  
  66  5:31  Supply Depot  
  66  5:33  SCV, Orbital Command  
  70  5:41  SCV  
  71  5:43  Starport Reactor  
  71  5:45  SCV  
  71  5:46  Terran Infantry Weapons Level 1  
  71  5:48  Terran Infantry Armor Level 1  
  72  5:50  Barracks Tech Lab  
  73  5:57  SCV x2  
  73  6:00  Stimpack  
  73  6:03  Siege Tank  
  77  6:09  Supply Depot, Orbital Command  
  77  6:10  SCV x2  
  74  6:20  Marauder x2  
  74  6:22  Marine  
  74  6:23  Marine  
  80  6:26  Medivac x2  
  80  6:28  SCV x2  
  84  6:35  SCV  
  84  6:36  Barracks  
  84  6:37  Barracks  
  85  6:40  SCV x2  
  85  6:41  Combat Shield, Siege Tank  
  90  6:47  SCV  
  90  6:51  Missile Turret  
  90  6:52  SCV x2  
  91  6:58  Marine x2, Marauder x2  
  91  6:59  SCV, Armory  
  91  7:00  Medivac  
  100  7:04  SCV x2  
  100  7:07  Medivac  
  104  7:12  SCV, Supply Depot  
  105  7:16  Marine x2, SCV x2  
  105  7:19  Marauder  
  105  7:20  Marauder  
  105  7:22  Siege Tank  
  116  7:24  Supply Depot  
  116  7:25  Barracks Reactor  
  116  7:29  Barracks Tech Lab  
  115  7:33  Marine  
  115  7:34  Marine, Missile Turret  
  115  7:35  Viking  
  119  7:40  Viking  
  121  7:45  Marauder  
  121  7:47  SCV  
  121  7:48  SCV x2  
  121  7:49  Refinery  
  121  7:50  Refinery  
  125  7:59  SCV  
  125  8:00  SCV x2  
  125  8:03  Terran Infantry Weapons Level 2  
  126  8:10  Command Center  
  126  8:12  SCV x3  
  129  8:14  Supply Depot, Missile Turret  
  129  8:17  Terran Infantry Armor Level 2  
  129  8:24  SCV x3  
  129  8:25  Ghost Academy  
  132  8:32  Missile Turret  
  132  8:33  Missile Turret  
  132  8:34  Terran Ship Weapons Level 1  
  132  8:36  Missile Turret  
  132  8:48  Marine x4  
  132  8:56  Ghost x3  
  132  8:58  Enhanced Shockwaves  
  134  9:06  Marine x4  
  134  9:08  Barracks  
  134  9:09  Barracks  
  137  9:10  Factory Reactor  
  137  9:11  SCV x3, Barracks  
  140  9:21  Medivac x2  
  140  9:22  Sensor Tower  
  143  9:30  SCV x3  
  146  9:32  Ghost x2  
  150  9:40  Command Center  
  150  9:47  Ghost  
  149  10:01  Ghost  
  149  10:03  Planetary Fortress  
  149  10:04  SCV x3  
  150  10:11  Marauder x2  
  150  10:13  Barracks Reactor, Barracks Tech Lab  
  154  10:16  SCV x2, Sensor Tower  
  154  10:17  Missile Turret  
  154  10:19  Refinery x2  
  154  10:20  Command Center  
  156  10:21  Missile Turret x2  
  156  10:26  Marine x4  
  156  10:27  SCV, Supply Depot, Marauder  
  156  10:28  Supply Depot  
  163  10:32  Terran Infantry Weapons Level 3  
  163  10:41  Missile Turret x2  
  163  10:45  Medivac, Missile Turret  
  163  10:49  Medivac  
  165  10:52  Terran Ship Weapons Level 2  
  163  10:59  Marauder  
  163  11:00  Marauder x3  
  163  11:01  Marauder  
  163  11:02  Marine x5  
  163  11:03  Marine  
  179  11:15  Starport  
  179  11:17  Viking  
  181  11:19  Viking  
  183  11:30  Orbital Command  
  183  11:37  Marauder x5  
  183  11:38  Marine x5  
  198  11:40  Terran Infantry Armor Level 3, Fusion Core  
  198  11:47  Viking  
  200  11:54  Missile Turret  
  199  12:15  Missile Turret  
  199  12:27  Advanced Ballistics  
  199  12:31  Planetary Fortress  
  199  12:34  Starport  
  199  12:35  Starport  
  190  12:52  Refinery  
  190  12:57  Liberator  
  190  12:58  Liberator  
  189  13:01  Command Center x2  
  189  13:04  Medivac  
  189  13:05  Medivac  
  191  13:11  Refinery  
  190  13:14  Missile Turret  
  190  13:16  Starport Reactor  
  190  13:17  Starport Reactor  
  196  13:24  Sensor Tower  
  196  13:29  SCV x3  
  196  13:30  SCV  
  200  13:35  Neosteel Armor  
  200  13:36  Terran Ship Weapons Level 3  
  200  13:58  Missile Turret x2, Command Center  
  200  14:00  Command Center  
  200  14:01  Command Center  
  200  14:08  Command Center  
  199  14:18  Hi-Sec Auto Tracking  
  198  14:26  Nuke  
  198  14:28  Ghost Academy x2  
  195  14:39  Liberator x3  
  195  14:41  Orbital Command x2  
  174  14:55  Viking x5  
  175  15:01  SCV  
  175  15:02  SCV x3  
  175  15:06  Supply Depot  
  173  15:08  Liberator  
  173  15:11  Orbital Command  
  173  15:12  Orbital Command  
  173  15:26  Missile Turret  
  173  15:27  Missile Turret  
  176  15:32  Nuke x2  
  172  15:44  Orbital Command  
  172  15:47  Planetary Fortress  
  172  15:51  Unknown  
  172  15:56  Missile Turret  
  170  15:57  Missile Turret  
  170  15:58  Missile Turret  
  170  16:03  Marine x3, Marauder x5  
  170  16:04  Marine x3  
  182  16:15  Sensor Tower  
  176  16:21  Marine x2  
  177  16:26  Personal Cloaking  
  177  16:32  Marine x2, Marauder x5  
  180  16:42  Viking x2  
  180  16:43  Viking x4  
  180  16:44  Viking  
  192  16:53  Marauder  
  194  17:12  Viking x3  
  187  17:23  Viking  
  187  17:24  Viking x4  
  190  17:32  Ghost x3  
  188  17:41  Viking  
  188  17:42  Viking x2  
  163  17:44  Marauder x2  
  163  17:46  Marine x6  
  160  17:51  Liberator  
  160  17:52  Liberator  
  160  17:53  Viking  
  158  18:01  Marauder x3  
  158  18:03  Marine, Nuke x2  
  158  18:04  Marine x5  
  158  18:05  Marine, Marauder  
  172  18:21  Marine x2, Ghost  
  172  18:22  Marine x4, Ghost x3  
  186  18:31  Marauder  
  188  18:35  Liberator  
  188  18:36  Liberator x4  
  183  18:43  Marine x6  
  187  18:51  Marauder  
  199  19:01  Missile Turret  
  199  19:03  Concussive Shells  
  199  19:04  Marine  
  198  19:35  Marine  
  198  19:38  Marine  
  198  19:39  Marine  
  198  19:43  Command Center  
  200  19:47  Liberator  
  200  19:48  Liberator x2  
  200  19:52  Liberator x2  
  178  20:08  Viking x3  
  178  20:17  Marine x7, Marauder x3  
  178  20:20  Liberator  
  181  20:28  Missile Turret  
  181  20:33  Liberator  
  181  20:34  Nuke x2, Liberator x2  
  179  20:47  Missile Turret, Ghost x3  
  179  20:48  Missile Turret, Ghost  
  184  20:50  Sensor Tower  
  184  20:51  Viking x2  
  184  20:52  Viking  
  199  20:58  Missile Turret  
  199  20:59  Missile Turret  
  198  21:12  Marauder  
  198  21:17  Liberator  
  198  21:18  Liberator x4  
  199  21:21  Missile Turret  
  181  21:38  Viking x3  
  200  21:45  Nuke  
  200  21:46  Nuke  
  200  21:50  Orbital Command  
  195  22:00  Ghost x2  
  199  22:09  Unknown  
  199  22:10  Missile Turret, Liberator x4  
  193  22:58  Missile Turret  
  191  23:04  Viking x4  
  192  23:10  Viking  
  194  23:12  Medivac  
  194  23:13  Medivac x2  
  200  23:29  Missile Turret x2  
  200  23:30  Missile Turret  
  197  23:40  Terran Vehicle And Ship Armor Level 1  
  193  23:49  Nuke  
  182  24:23  Missile Turret x2  
  182  24:24  Sensor Tower, Missile Turret x3  
  179  24:33  Command Center  
  174  24:42  Marauder x5  
  159  24:56  Marine x4  
  148  25:02  Ghost  
  148  25:03  Ghost x3  
  156  25:07  Marine, Marauder  
  156  25:08  Marine  
  156  25:13  Marine  
  156  25:14  Marine  
  143  25:25  Nuke x3  
  131  25:29  Marauder  
  131  25:32  Marauder x3  
  131  25:34  Marine x2, Marauder  
  131  25:35  Marine x3  
  146  25:38  Marine  
  144  25:50  Marauder  
  144  25:52  Marine x5  
  144  25:53  Viking x8, Marauder x3  
  144  25:56  Marine, Marauder  
  176  25:58  Planetary Fortress  
  176  26:00  Missile Turret  
  176  26:10  Marine x4  
  177  26:11  Marauder  
  177  26:14  Marauder  
  177  26:15  Marauder  
  183  26:24  Refinery  
  183  26:32  Marauder x2  
  180  26:33  Marauder  
  180  26:38  Missile Turret, Viking x8  
  180  26:39  Missile Turret  
  195  26:40  Missile Turret  
  195  26:41  Missile Turret  
  195  26:44  Marauder x2  
  180  27:08  Marauder  
  180  27:09  Marauder x3  
  180  27:11  Marine  
Show
View Real Time Build Order
Export as new Build Order

DnS Protoss 

Build Orders: 1 Gate Expand, Oracle Opening, Phoenix Opening, Zealot Archon 

Get SALT Encoding   

  12  0:00  Probe  
  13  0:12  Probe  
  14  0:18  Pylon  
  14  0:24  Probe (Chrono Boost)  
  15  0:36  Gateway  
  15  0:37  Probe (Chrono Boost)  
  16  0:44  Probe (Chrono Boost)  
  16  0:46  Assimilator  
  17  0:51  Probe  
  18  1:03  Probe  
  19  1:15  Probe  
  20  1:22  Nexus  
  20  1:33  Cybernetics Core  
  20  1:36  Probe  
  21  1:42  Assimilator  
  21  1:48  Probe  
  21  1:51  Pylon  
  22  2:01  Probe  
  23  2:07  Adept (Chrono Boost)  
  23  2:13  Probe  
  23  2:15  Stargate  
  26  2:23  Warp Gate  
  26  2:25  Probe (Chrono Boost)  
  26  2:27  Adept (Chrono Boost)  
  27  2:36  Probe (Chrono Boost)  
  30  2:43  Probe (Chrono Boost)  
  32  2:45  Probe (Chrono Boost)  
  32  2:49  Adept  
  32  2:50  Probe x2 (Chrono Boost)  
  36  3:01  Probe, Oracle  
  36  3:02  Probe  
  40  3:14  Probe (Chrono Boost)  
  40  3:16  Probe (Chrono Boost)  
  42  3:22  Pylon  
  42  3:26  Probe (Chrono Boost)  
  44  3:30  Probe (Chrono Boost)  
  44  3:31  Probe (Chrono Boost)  
  44  3:33  Gateway  
  45  3:34  Gateway  
  45  3:37  Probe  
  47  3:42  Probe  
  47  3:43  Phoenix (Chrono Boost)  
  47  3:53  Pylon  
  47  3:56  Probe, Pylon  
  48  4:06  Probe  
  48  4:08  Probe  
  48  4:09  Phoenix  
  51  4:17  Nexus  
  51  4:18  Probe  
  52  4:26  Probe  
  52  4:31  Probe  
  51  4:34  Phoenix (Chrono Boost)  
  51  4:35  Assimilator  
  51  4:36  Assimilator  
  53  4:40  Probe  
  53  4:44  Twilight Council  
  53  4:45  Forge  
  54  4:50  Probe  
  55  4:53  Probe  
  55  4:54  Phoenix (Chrono Boost)  
  58  5:02  Probe, Pylon  
  58  5:04  Protoss Ground Armor Level 1 (Chrono Boost)  
  58  5:05  Probe  
  56  5:14  Probe  
  56  5:17  Probe, Charge (Chrono Boost)  
  58  5:22  Sentry  
  58  5:26  Probe  
  58  5:28  Gateway  
  60  5:29  Probe, Stalker x2  
  60  5:33  Probe  
  66  5:38  Probe  
  66  5:40  Gateway  
  66  5:41  Probe  
  68  5:43  Gateway  
  68  5:45  Probe  
  69  5:50  Probe  
  69  5:54  Gateway x2  
  70  5:58  Sentry, Zealot  
  70  6:00  Zealot  
  70  6:03  Probe x2  
  78  6:05  Probe  
  79  6:15  Probe  
  79  6:17  Probe  
  81  6:18  Stalker  
  81  6:21  Probe  
  81  6:22  Stalker  
  81  6:24  Templar Archives  
  82  6:27  Probe  
  82  6:29  Probe  
  83  6:33  Probe  
  83  6:34  Robotics Facility  
  83  6:36  Pylon, Zealot  
  83  6:39  Pylon  
  87  6:40  Probe  
  87  6:42  Probe  
  87  6:44  Protoss Ground Armor Level 2 (Chrono Boost)  
  87  6:45  Probe  
  89  6:52  Probe  
  89  6:54  Probe, Zealot x2  
  91  6:57  Probe  
  91  6:58  Assimilator  
  91  6:59  Assimilator, Blink  
  96  7:04  Probe  
  96  7:05  Zealot x3  
  103  7:09  High Templar x2  
  103  7:10  Zealot  
  109  7:16  Archon, Pylon  
  109  7:20  Pylon  
  109  7:23  Pylon  
  109  7:28  Pylon  
  109  7:29  Robotics Bay  
  109  7:34  Warp Prism (Chrono Boost)  
  111  7:37  Zealot  
  111  7:38  Forge, Zealot x2  
  111  7:41  High Templar x2  
  111  7:42  Zealot  
  123  7:47  Archon  
  123  8:03  Nexus  
  123  8:04  High Templar  
  123  8:05  High Templar, Zealot x4  
  133  8:07  Immortal (Chrono Boost)  
  133  8:09  Archon  
  137  8:24  Pylon  
  137  8:29  Robotics Facility  
  137  8:30  Pylon  
  137  8:31  Pylon  
  137  8:32  Protoss Ground Weapons Level 1 (Chrono Boost), Pylon x2  
  137  8:39  Zealot x2  
  141  8:45  Zealot x2  
  141  8:47  Zealot  
  141  8:48  Protoss Ground Armor Level 3 (Chrono Boost)  
  147  8:53  Zealot x3  
  147  9:08  Colossus (Chrono Boost)  
  147  9:09  Zealot  
  155  9:13  Stalker  
  155  9:16  Probe x3  
  155  9:17  Probe  
  161  9:20  Extended Thermal Lance, Colossus (Chrono Boost)  
  167  9:38  Probe x2  
  167  9:39  Probe  
  167  9:44  Gateway, Pylon  
  167  9:45  Gateway, Psionic Storm  
  168  9:47  Gateway  
  170  9:59  Colossus (Chrono Boost)  
  170  10:06  Colossus (Chrono Boost)  
  168  10:14  Assimilator  
  168  10:16  Assimilator  
  168  10:26  Protoss Ground Weapons Level 2 (Chrono Boost)  
  168  10:29  Zealot x8  
  184  10:44  High Templar  
  184  10:45  High Templar x2  
  178  10:57  High Templar x2, Zealot x2  
  178  10:58  Zealot x4  
  194  11:08  Gravitic Drive  
  194  11:13  Fleet Beacon  
  194  11:15  Stargate  
  194  11:17  High Templar x2  
  194  11:32  Zealot x3  
  198  11:42  Pylon  
  198  11:43  Pylon  
  198  11:45  Pylon  
  197  12:22  Photon Cannon  
  197  12:25  Pylon  
  191  12:35  Tempest (Chrono Boost)  
  191  12:36  Nexus  
  188  12:37  Pylon  
  180  12:48  Pylon  
  176  13:04  Disruptor x2  
  172  13:15  Tempest (Chrono Boost)  
  172  13:18  Protoss Ground Weapons Level 3 (Chrono Boost)  
  182  13:24  Pylon, Tempest (Chrono Boost)  
  182  13:33  Gateway x2  
  182  13:35  Gateway  
  182  13:36  Gateway  
  182  13:39  Disruptor (Chrono Boost)  
  182  13:42  Photon Cannon  
  188  13:49  Disruptor (Chrono Boost)  
  188  13:50  Pylon, Tempest, Stalker  
  188  13:51  Stalker  
  188  13:52  Probe x3, Pylon, Protoss Air Weapons Level 1  
  200  14:14  Photon Cannon  
  200  14:16  Photon Cannon x2  
  200  14:22  Photon Cannon  
  200  14:23  Photon Cannon  
  192  14:25  Pylon  
  192  14:27  Observer  
  192  14:29  Observer  
  190  14:42  Stalker x2  
  190  14:43  Zealot x5  
  200  14:50  Probe x4  
  187  14:55  Stalker x3  
  187  14:58  Probe  
  186  15:02  Probe x2  
  186  15:08  Disruptor (Chrono Boost)  
  186  15:13  Stalker x2  
  187  15:19  Protoss Shields Level 1  
  191  15:21  Assimilator  
  191  15:22  Assimilator  
  191  15:24  Tempest (Chrono Boost)  
  200  15:32  Disruptor (Chrono Boost)  
  200  15:34  Tempest (Chrono Boost), Dark Shrine  
  191  16:23  Zealot x4  
  191  16:24  Zealot x2, Stalker x2  
  185  16:45  Templar Archives  
  177  16:47  Nexus  
  177  16:49  Dark Templar  
  177  16:54  Stalker x6  
  177  16:55  Stalker x3  
  177  16:58  Stalker  
  177  16:59  Stalker  
  183  17:27  Dark Templar x2, Zealot x5  
  183  17:28  Zealot x4  
  195  17:41  Disruptor  
  195  17:42  Disruptor  
  188  17:49  Dark Templar, Zealot x3, Stalker x3  
  188  17:50  Zealot  
  192  17:55  Zealot x2  
  196  18:05  Stalker x2  
  198  18:13  Assimilator  
  198  18:14  Assimilator  
  198  18:22  High Templar  
  186  18:43  Nexus  
  186  18:53  Immortal (Chrono Boost)  
  182  19:01  Pylon  
  182  19:02  High Templar  
  192  19:03  Immortal (Chrono Boost), Stalker  
  192  19:07  Zealot x3  
  199  19:13  Photon Cannon  
  194  19:25  Archon  
  194  19:26  Zealot x4  
  200  19:44  Nexus  
  200  19:49  Zealot  
  170  20:07  Stalker x5  
  170  20:09  High Templar  
  170  20:20  Stalker  
  166  20:21  Stalker x3  
  166  20:23  Tempest x2  
  166  20:25  Stalker x2  
  175  20:41  Stalker  
  175  20:42  Stalker x3  
  168  20:45  Stalker x6  
  173  20:52  Nexus  
  166  21:07  Probe  
  166  21:08  Probe x3  
  170  21:12  Tempest, Oracle  
  178  21:20  Probe x2, Zealot, Stalker  
  178  21:21  Zealot x8  
  175  21:49  Tempest  
  172  21:56  High Templar  
  172  21:57  High Templar x3  
  175  22:02  Archon x2  
  175  22:04  High Templar x2  
  179  22:08  Archon  
  153  22:38  Probe x3  
  153  22:39  Probe x2  
  158  22:45  Tempest x2 (Chrono Boost)  
  168  22:55  Disruptor x2  
  170  23:13  Observer  
  170  23:21  Oracle  
  169  23:32  Observer x2  
  169  23:33  Observer  
  171  23:41  Stalker x7  
  177  24:13  High Templar x2  
  177  24:14  High Templar x3  
  177  24:15  High Templar x2, Dark Templar  
  184  24:19  Archon x3  
  150  25:30  Stalker x2  
  150  25:31  Zealot x2  
  150  25:32  Zealot x2  
Tags
 
Add a new tag
Caveats
  • Supply blocks, unpowered buildings, or Contaminate may cause inaccurate times.
  • Supply counts are checked every 10 seconds.